 Dungeon Crawl Stone Soup version 0.26-a0-835-g8259106e14 (webtiles) character file.

Game seed: 12525208074402502942

8 Kinoniko the Ducker (level 2, 22/22 HPs)
             Began as a Demonspawn Gladiator on Nov 17, 2020.
             Quit the game on level 1 of the Dungeon.
             The game lasted 00:01:57 (431 turns).

Kinoniko the Ducker (Demonspawn Gladiator)           Turns: 431, Time: 00:01:58

Health: 22/22      AC:  4    Str: 14    XL:     2   Next: 0%
Magic:  2/2        EV: 13    Int:  9    God:
Gold:   64         SH:  0    Dex: 14    Spells: 1/1 levels left

rFire    . . .     SeeInvis .   a - +0 flail
rCold    . . .     Faith    .   (no shield)
rNeg     . . .     Spirit   .   b - +0 leather armour
rPois    .         Reflect  .   c - +0 helmet
rElec    .         Harm     .   (no cloak)
rCorr    .         Rampage  .   (no gloves)
MR       .....                  (no boots)
Stlth    +.........             g - amulet of magic regeneration (curse)
HPRegen  0.07/turn              i - ring of flight
MPRegen  0.33/turn              (no ring)

@: no status effects
A: spiny 1
a: Evoke Flight


You were on level 1 of the Dungeon.
You visited 1 branch of the dungeon, and saw 1 of its levels.

You collected 64 gold pieces.

Inventory:

Hand Weapons
 a - a +0 flail (weapon)
Missiles
 d - 3 throwing nets (quivered)
Armour
 b - a +0 leather armour (worn)
 c - a +0 helmet (worn)
Jewellery
 g - a cursed amulet of magic regeneration (around neck)
 i - a ring of flight (left hand)
Scrolls
 e - a scroll of fog {unknown}
 f - a scroll of remove curse {unknown}
Potions
 h - a potion of magic {unknown}


   Skills:
 + Level 2.0 Fighting
 + Level 2.8 Maces & Flails
 + Level 1.9 Throwing
 + Level 3.0 Dodging


You had one spell level left.
You didn't know any spells.
Your spell library was empty.

Dungeon Overview and Level Annotations

Branches:
Dungeon (1/15)

Altars:


Innate Abilities, Weirdness & Mutations

You are partially covered in sharp spines.


Message History

You hit the bat but do no damage. The bat misses you. x2
You closely miss the bat. The bat misses you.
You hit the bat.
The bat is heavily wounded.
The bat barely misses you.
You miss the bat.
The bat is heavily wounded.
The bat closely misses you. The bat barely misses you.
You sock the bat!
You kill the bat!
Your Dodging skill increases to level 3!
You have reached level 2!
Your demonic ancestry asserts itself...
Sharp spines emerge from parts of your body.
Found a mace.
Welcome back, Kinoniko the Demonspawn Gladiator.
Press ? for a list of commands and other information.
A rat comes into view.
You see here an orange potion.
Are you sure you want to abandon this character and quit the game? (Confirm with "yes".)

##..# ....# #.r..# ...$.# .....
..) #########.# ## #####
###.......@.# ...
....###...######### # #..
.......[........####.# #.#
†##.#.......#......#.####.#####
............#.#.#.(...........#
###.#...........#..#.####.###.###
###.###...###.#....^.............
....# #..)# #...#.#######.#####.#
##### ##)####...#.### #.# #.#


You could see a rat (asleep).

Vanquished Creatures
  A leopard gecko (D:1)
  2 bats (D:1)
  3 kobolds (D:1)
  A rat (D:1)
7 creatures vanquished.

Notes
Turn   | Place    | Note
-------+----------+-------------------------------------------
     0 | D:1      | Kinoniko the Demonspawn Gladiator began the quest for the
                  | Orb.
     0 | D:1      | Reached XP level 1. HP: 16/16 MP: 1/1
   403 | D:1      | Reached skill level 3 in Dodging
   403 | D:1      | Gained mutation: You are partially covered in sharp spines.
                  | [demonic ancestry]
   403 | D:1      | Reached XP level 2. HP: 21/22 MP: 2/2
   431 | D:1      | Quit the game

Illustrated notes

Levels and vault maps discovered:
D:1:      minmay_arrival_hallway, layout_loops_ring

Skill      XL: |  1 |
---------------+----+-----
Dodging        | 3 |  3.0
Fighting       | |  2.0
Maces & Flails | |  2.8
Throwing       | |  1.9

Action                   || total
-------------------------++-------
Melee: Flail             ||    24
Armor: Leather armour    ||     4
Dodge: Dodged            ||    26

Table legend: (Time is in decaauts)
 A = Elapsed time spent in this place.
 B = Non-inter-level travel time spent in this place.
 C = Inter-level travel time spent in this place.
 D = Time resting spent in this place.
 E = Time spent auto-exploring this place.
 F = Levels seen in this place.
 G = Mean time per level.
                   A        B        C        D        E       F      G
               +--------+--------+--------+--------+--------+-----+--------+
         Total |    437 |    437 |      0 |    110 |    259 |   1 |  437.0 |
       Dungeon |    437 |    437 |      0 |    110 |    259 |   1 |  437.0 |
               +--------+--------+--------+--------+--------+-----+--------+

Top non-repeatable levels by time:
     D:1: 437 daAuts
